 Dungeon Crawl Stone Soup version 0.28-a0-697-g47f3eba078 (webtiles) character file.

Game seed: 15938014919061483827

1 siradein the Vexing (level 1, 0/13 HPs)
             Began as a Demonspawn Enchanter on Oct 23, 2021.
             Slain by a goblin (3 damage)
             ... on level 1 of the Dungeon.
             The game lasted 00:00:11 (42 turns).

siradein the Vexing (Demonspawn Enchanter)            Turns: 42, Time: 00:00:12

Health: 0/13       AC:  2    Str:  8    XL:     1   Next: 16%
Magic:  3/3        EV: 12    Int: 16    God:
Gold:   0          SH:  0    Dex: 13    Spells: 4/4 levels left

rFire   . . .      SeeInvis .   a - +1 dagger
rCold   . . .      Faith    .   (no shield)
rNeg    . . .      Spirit   .   b - +0 robe
rPois   .          Reflect  .   (no helmet)
rElec   .          Harm     .   (no cloak)
rCorr   .          Rampage  .   (no gloves)
Will    .....                   (no boots)
Stlth   ++........              (no amulet)
HPRegen 0.04/turn               (no ring)
MPRegen 0.08/turn               (no ring)

@: no status effects
A: no striking features
a: no special abilities


You were on level 1 of the Dungeon.
You visited 1 branch of the dungeon, and saw 1 of its levels.

Inventory:

Hand Weapons
 a - a +1 dagger (weapon)
Armour
 b - a +0 robe (worn)
Potions
 c - a potion of invisibility


   Skills:
 + Level 0.9 Short Blades
 + Level 1.8 Dodging
 - Level 2.6 Stealth
 + Level 2.0 Spellcasting
 + Level 3.0 Hexes


You had 4 spell levels left.
You didn't know any spells.
Your spell library contained the following spells:

 Spells                   Type           Power      Damage    Failure   Level
 Ensorcelled Hibernation  Hex/Ice        12%        N/A       17%         2
 Confusing Touch          Hex            11%        N/A       19%         3
 Tukima's Dance           Hex            11%        N/A       19%         3
 Dazzling Flash           Conj/Hex       12%        N/A       32%         3


Dungeon Overview and Level Annotations

Branches:
Dungeon (1/15)

Altars:


Message History

Press ? for a list of commands and other information.
Found a staircase leading out of the dungeon.
There is an empty arch of ancient stone here.
Found an escape hatch in the floor.
Found an escape hatch in the floor.
Found an escape hatch in the floor.
A hobgoblin comes into view.
A hobgoblin is nearby!
A hobgoblin is nearby!
Found a stone staircase leading down.
Found a smoky dark potion.
The hobgoblin shouts!
A goblin comes into view. It is wielding a +0 club.
You closely miss the hobgoblin. The hobgoblin completely misses you.
You hit the hobgoblin but do no damage. The hobgoblin hits you.
You hit the hobgoblin but do no damage. The hobgoblin closely misses you.
You hit the hobgoblin.
The hobgoblin is moderately wounded.
The hobgoblin completely misses you.
You hit the hobgoblin.
The hobgoblin is heavily wounded.
The hobgoblin barely misses you.
You barely miss the hobgoblin.
The hobgoblin is heavily wounded.
The hobgoblin hits you.
You hit the hobgoblin.
The hobgoblin is severely wounded.
The hobgoblin barely misses you.
You hit the hobgoblin but do no damage.
The hobgoblin is severely wounded.
The hobgoblin hits you.
* * * LOW HITPOINT WARNING * * *
A dart slug comes into view.
You are too injured to fight recklessly!
You are too injured to fight recklessly!
You are too injured to fight recklessly!
You hit the hobgoblin.
You kill the hobgoblin!
You completely miss the goblin. The goblin hits you with a +0 club.
You die...

########## ##.>..g@.>#
##....♣♣♣..##
##..w♣♣♣♣♣♣♣.########
#....♣♣∩∩∩♣♣♣........
#.....∩...∩♣♣..#####.
#.w♣♣♣.....♣♣♣.#
.........♣♣∩.♣.♣.∩♣♣.#####
.#.#.##..♣♣∩ ♣<♣.........#
.> ##.♣♣ ♣.♣.∩♣♣.###.#


You could see a dart slug and a goblin.

Vanquished Creatures
  A hobgoblin (D:1)
1 creature vanquished.

Notes
Turn   | Place    | Note
-------+----------+-------------------------------------------
     0 | D:1      | siradein the Demonspawn Enchanter began the quest for the
                  | Orb.
     0 | D:1      | Reached XP level 1. HP: 13/13 MP: 3/3
    42 | D:1      | Slain by a goblin

Illustrated notes

Levels and vault maps discovered:
D:1:      heliophobic_arrival_henge, layout_loops_ring,
          hellmonk_ecumenical_altar_crossroads, minmay_pentomino_s2

Action                   || total
-------------------------++-------
Melee: Dagger            ||    10
Dodge: Dodged            ||     5

Table legend: (Time is in decaauts)
 A = Elapsed time spent in this place.
 B = Non-inter-level travel time spent in this place.
 C = Inter-level travel time spent in this place.
 D = Time resting spent in this place.
 E = Time spent auto-exploring this place.
 F = Levels seen in this place.
 G = Mean time per level.
                   A        B        C        D        E       F      G
               +--------+--------+--------+--------+--------+-----+--------+
         Total |     41 |     41 |      0 |      0 |     17 |   1 |   41.0 |
       Dungeon |     41 |     41 |      0 |      0 |     17 |   1 |   41.0 |
               +--------+--------+--------+--------+--------+-----+--------+

Top non-repeatable levels by time:
     D:1: 41 daAuts
